3130 views
Uploaded 2020-02-22 22:23:50
Game version 1.32 / 1.32.1
19:12 long 4on4 ladder game on (8)Deadlock_LV
Saved by ChuckleMan
3130 views
Uploaded 2020-02-22 22:23:50
Game version 1.32 / 1.32.1
19:12 long 4on4 ladder game on (8)Deadlock_LV


184 units @ 23.3k
/ 2.6k
61 buildings @ 8.3k
/ 3.3k


| Wisp | 11 | 660 | / | 0 |
| Huntress | 14 | 2730 | / | 280 |
| Druid of the Talon | 3 | 435 | / | 60 |
| Dryad | 7 | 1015 | / | 420 |
| Druid of the Claw | 4 | 1020 | / | 320 |
| Hippogryph | 9 | 1440 | / | 180 |
| total: | 48 | 7300g | / | 1260w |
| Moon Well | 6 | 1080 | / | 240 |
| Altar of Elders | 1 | 180 | / | 50 |
| Ancient of War | 1 | 150 | / | 60 |
| Hunter's Hall | 1 | 210 | / | 100 |
| Ancient of Wind | 1 | 150 | / | 140 |
| Ancient of Lore | 1 | 155 | / | 145 |
| Tree of Ages | 1 | 320 | / | 180 |
| total: | 11 | 1925g | / | 735w |
| 0:09 | Wisp |
| 0:09 | Wisp |
| 0:17 | Moon Well |
| 0:22 | Altar of Elders |
| 0:41 | Wisp |
| 0:50 | Wisp |
| 1:15 | Wisp |
| 1:20 | Wisp |
| 1:35 | Ancient of War |
| 1:45 | Hunter's Hall |
| 2:28 | Trueshot Aura |
| 2:34 | Moon Well |
| 2:51 | Huntress |
| 2:52 | Huntress |
| 3:20 | Huntress |
| 3:48 | Huntress |
| 3:53 | Moon Well |
| 4:21 | Huntress |
| 4:48 | Tree of Ages |
| 4:56 | Moon Well |
| 5:15 | Huntress |
| 6:09 | Huntress |
| 6:13 | Huntress |
| 7:05 | Searing Arrows |
| 7:31 | Huntress |
| 7:43 | Huntress |
| 8:53 | Ancient of Wind |
| 8:57 | Ancient of Lore |
| 8:59 | Huntress |
| 9:00 | Huntress |
| 9:33 | Huntress |
| 10:00 | Druid of the Talon |
| 10:03 | Druid of the Talon Adept Training |
| 10:06 | Druid of the Talon |
| 10:14 | Huntress |
| 10:17 | Dryad |
| 10:21 | Dryad |
| 10:58 | Druid of the Talon |
| 11:02 | Druid of the Claw |
| 11:12 | Dryad |
| 12:10 | Force of Nature |
| 12:27 | Hippogryph |
| 12:52 | Druid of the Claw |
| 12:53 | Druid of the Claw Adept Training |
| 12:59 | Hippogryph |
| 13:35 | Dryad |
| 13:42 | Hippogryph |
| 13:43 | Hippogryph |
| 13:49 | Dryad |
| 14:31 | Moon Well |
| 14:36 | Trueshot Aura |
| 14:55 | Hippogryph |
| 15:13 | Moon Well |
| 16:15 | Wisp |
| 16:15 | Wisp |
| 16:21 | Hippogryph |
| 16:21 | Hippogryph |
| 16:26 | Dryad |
| 16:26 | Dryad |
| 16:54 | Wisp |
| 16:55 | Wisp |
| 16:57 | Wisp |
| 17:02 | Hippogryph |
| 18:02 | Hippogryph |
| 18:10 | Druid of the Claw |
| 18:11 | Druid of the Claw |
| Select | 229 |
| Right click | 201 |
| Build/train/purchase | 60 |
| Use ability | 3 |
| Minimap ping | 2 |
| Remove unit | 1 |



| Peasant | 23 | 1725 | / | 0 |
| Footman | 15 | 2025 | / | 0 |
| Flying Machine | 16 | 1600 | / | 480 |
| total: | 54 | 5350g | / | 480w |
| Scout Tower | 2 | 60 | / | 40 |
| Arcane Tower | 1 | 70 | / | 50 |
| Altar of Kings | 1 | 180 | / | 50 |
| Farm | 6 | 480 | / | 120 |
| Barracks | 1 | 160 | / | 60 |
| Arcane Vault | 1 | 130 | / | 30 |
| Blacksmith | 1 | 140 | / | 60 |
| Lumber Mill | 1 | 120 | / | 0 |
| Workshop | 5 | 700 | / | 700 |
| Keep | 1 | 320 | / | 210 |
| Castle | 1 | 360 | / | 210 |
| total: | 18 | 1970g | / | 1060w |
| 0:04 | Peasant |
| 0:06 | Altar of Kings |
| 0:09 | Farm |
| 0:14 | Barracks |
| 0:17 | Peasant |
| 0:28 | Peasant |
| 0:51 | Peasant |
| 0:56 | Peasant |
| 0:59 | Farm |
| 1:07 | Peasant |
| 1:19 | Footman |
| 1:33 | Footman |
| 1:40 | Peasant |
| 1:56 | Footman |
| 2:06 | Farm |
| 2:09 | Summon Water Elemental |
| 2:24 | Defend |
| 2:38 | Footman |
| 2:59 | Peasant |
| 3:17 | Keep |
| 3:19 | Farm |
| 3:50 | Footman |
| 3:59 | Arcane Vault |
| 4:05 | Footman |
| 5:12 | Footman |
| 5:44 | Brilliance Aura |
| 5:52 | Footman |
| 5:53 | Castle |
| 6:00 | Footman |
| 7:12 | Storm Bolt |
| 7:34 | Scout Tower |
| 7:36 | Scout Tower |
| 7:45 | Footman |
| 8:29 | Bash |
| 8:43 | Arcane Tower |
| 8:48 | Blacksmith |
| 8:49 | Lumber Mill |
| 9:05 | Peasant |
| 9:05 | Peasant |
| 9:05 | Peasant |
| 9:06 | Footman |
| 9:06 | Footman |
| 9:06 | Footman |
| 9:34 | Footman |
| 10:26 | Workshop |
| 10:27 | Workshop |
| 10:29 | Workshop |
| 10:34 | Workshop |
| 10:35 | Footman |
| 10:54 | Holy Light |
| 11:23 | Workshop |
| 11:27 | Improved Lumber Harvesting |
| 11:30 | Farm |
| 12:19 | Flying Machine |
| 12:20 | Flying Machine Bombs |
| 12:24 | Black Gunpowder |
| 12:26 | Flak Cannons |
| 12:31 | Farm |
| 12:48 | Flying Machine |
| 12:50 | Flying Machine |
| 13:06 | Summon Water Elemental |
| 13:09 | Flying Machine |
| 13:10 | Flying Machine |
| 13:44 | Flying Machine |
| 13:44 | Flying Machine |
| 13:51 | Flying Machine |
| 14:17 | Flying Machine |
| 14:18 | Flying Machine |
| 14:18 | Flying Machine |
| 14:21 | Peasant |
| 14:21 | Peasant |
| 14:21 | Peasant |
| 14:41 | Storm Bolt |
| 14:51 | Peasant |
| 14:51 | Peasant |
| 15:57 | Peasant |
| 16:03 | Flying Machine |
| 16:03 | Flying Machine |
| 16:04 | Flying Machine |
| 16:17 | Peasant |
| 16:17 | Peasant |
| 16:17 | Peasant |
| 16:40 | Flying Machine |
| 16:43 | Peasant |
| 16:43 | Peasant |
| 16:54 | Peasant |
| 16:55 | Flying Machine |
| Right click | 1325 |
| Select group | 1102 |
| Select | 406 |
| Misc. action | 172 |
| Build/train/purchase | 171 |
| Use ability | 35 |
| Assign group | 11 |
| Minimap ping | 1 |


| Potion of Mana | 1 | 200 |
| Scroll of Regeneration | 2 | 200 |
| Potion of Healing | 1 | 150 |
| Orb of Fire | 1 | 325 |
| Scroll of Town Portal | 2 | 700 |
| total: | 7 | 1575g |
| Peasant | 8 | 600 | / | 0 |
| Footman | 6 | 810 | / | 0 |
| Rifleman | 13 | 2665 | / | 390 |
| Priest | 1 | 135 | / | 10 |
| total: | 28 | 4210g | / | 400w |
| Scout Tower | 1 | 30 | / | 20 |
| Guard Tower | 1 | 70 | / | 50 |
| Altar of Kings | 1 | 180 | / | 50 |
| Farm | 9 | 720 | / | 180 |
| Barracks | 2 | 320 | / | 120 |
| Lumber Mill | 1 | 120 | / | 0 |
| Arcane Vault | 1 | 130 | / | 30 |
| Blacksmith | 1 | 140 | / | 60 |
| Arcane Sanctum | 1 | 150 | / | 140 |
| Gryphon Aviary | 1 | 140 | / | 150 |
| Keep | 1 | 320 | / | 210 |
| Castle | 1 | 360 | / | 210 |
| total: | 18 | 1930g | / | 750w |
| 0:02 | Peasant |
| 0:02 | Peasant |
| 0:07 | Altar of Kings |
| 0:12 | Farm |
| 0:18 | Barracks |
| 0:28 | Peasant |
| 0:41 | Farm |
| 0:51 | Peasant |
| 1:08 | Peasant |
| 1:22 | Footman |
| 1:24 | Peasant |
| 1:30 | Farm |
| 1:34 | Scout Tower |
| 1:45 | Peasant |
| 1:52 | Footman |
| 2:06 | Lumber Mill |
| 2:15 | Summon Water Elemental |
| 2:26 | Footman |
| 2:41 | Guard Tower |
| 2:44 | Footman |
| 3:08 | Arcane Vault |
| 3:15 | Farm |
| 3:39 | Footman |
| 3:44 | Peasant |
| 4:16 | Blacksmith |
| 5:03 | Footman |
| 5:59 | Brilliance Aura |
| 6:34 | Keep |
| 6:42 | Rifleman |
| 6:48 | Black Gunpowder |
| 7:36 | Rifleman |
| 7:46 | Iron Forged Swords |
| 7:53 | Barracks |
| 8:07 | Brilliance Aura |
| 8:58 | Rifleman |
| 9:04 | Farm |
| 9:09 | Farm |
| 9:25 | Arcane Sanctum |
| 9:27 | Rifleman |
| 10:03 | Long Rifles |
| 10:05 | Rifleman |
| 10:07 | Improved Lumber Harvesting |
| 10:08 | Refined Gunpowder |
| 11:07 | Potion of Mana |
| 11:08 | Scroll of Regeneration |
| 11:08 | Potion of Healing |
| 11:09 | Scroll of Town Portal |
| 11:12 | Storm Bolt |
| 11:52 | Summon Water Elemental |
| 13:11 | Castle |
| 13:13 | Priest Adept Training |
| 13:15 | Rifleman |
| 13:16 | Rifleman |
| 13:20 | Studded Leather Armor |
| 13:37 | Rifleman |
| 13:59 | Rifleman |
| 14:02 | Rifleman |
| 14:06 | Farm |
| 14:24 | Priest |
| 14:27 | Rifleman |
| 14:39 | Rifleman |
| 14:47 | Farm |
| 15:06 | Scroll of Regeneration |
| 15:24 | Rifleman |
| 15:30 | Farm |
| 16:11 | Orb of Fire |
| 16:23 | Gryphon Aviary |
| 16:40 | Priest Master Training |
| 16:53 | Scroll of Town Portal |
| Right click | 783 |
| Select | 329 |
| Build/train/purchase | 70 |
| Use ability | 6 |
| Assign group | 5 |
| Minimap ping | 3 |
| Item give/drop | 1 |
| Select group | 1 |
| Esc | 1 |

| Wisp | 8 | 480 | / | 0 |
| Archer | 46 | 5980 | / | 460 |
| total: | 54 | 6460g | / | 460w |
| Ancient Protector | 1 | 135 | / | 80 |
| Altar of Elders | 1 | 180 | / | 50 |
| Moon Well | 9 | 1620 | / | 360 |
| Hunter's Hall | 1 | 210 | / | 100 |
| Ancient of War | 2 | 300 | / | 120 |
| Tree of Ages | 1 | 320 | / | 180 |
| total: | 14 | 2445g | / | 710w |
| 0:03 | Wisp |
| 0:03 | Wisp |
| 0:03 | Wisp |
| 0:13 | Altar of Elders |
| 0:18 | Moon Well |
| 0:22 | Wisp |
| 0:22 | Wisp |
| 0:23 | Wisp |
| 0:50 | Wisp |
| 0:50 | Wisp |
| 1:41 | Hunter's Hall |
| 1:46 | Ancient of War |
| 1:52 | Ancient of War |
| 2:01 | Moon Well |
| 2:04 | Moon Well |
| 2:14 | Mana Burn |
| 2:29 | Moon Well |
| 2:35 | Moon Well |
| 3:00 | Archer |
| 3:00 | Archer |
| 3:13 | Archer |
| 3:13 | Archer |
| 3:35 | Moon Well |
| 3:36 | Archer |
| 3:44 | Strength of the Moon |
| 3:58 | Archer |
| 4:01 | Archer |
| 4:09 | Archer |
| 4:27 | Moon Armor |
| 5:39 | Archer |
| 5:39 | Archer |
| 6:11 | Archer |
| 6:12 | Archer |
| 6:24 | Archer |
| 6:25 | Archer |
| 6:33 | Ancient Protector |
| 6:36 | Moon Well |
| 6:54 | Archer |
| 6:54 | Archer |
| 6:55 | Archer |
| 6:55 | Archer |
| 7:35 | Moon Well |
| 7:36 | Moon Well |
| 8:23 | Archer |
| 8:24 | Archer |
| 8:53 | Evasion |
| 8:59 | Archer |
| 9:00 | Archer |
| 9:45 | Archer |
| 9:45 | Archer |
| 10:11 | Archer |
| 10:11 | Archer |
| 10:13 | Ultravision |
| 10:27 | Archer |
| 10:27 | Archer |
| 11:09 | Archer |
| 11:09 | Archer |
| 11:52 | Archer |
| 11:52 | Archer |
| 11:52 | Archer |
| 11:53 | Archer |
| 12:13 | Archer |
| 12:38 | Archer |
| 12:38 | Archer |
| 12:39 | Archer |
| 13:11 | Archer |
| 13:17 | Archer |
| 13:17 | Archer |
| 13:47 | Archer |
| 13:47 | Archer |
| 14:33 | Archer |
| 14:33 | Archer |
| 14:37 | Tree of Ages |
| 14:54 | Archer |
| 17:04 | Evasion |
| Right click | 573 |
| Select | 252 |
| Select group | 235 |
| Misc. action | 78 |
| Build/train/purchase | 67 |
| Assign group | 29 |
| Use ability | 27 |
| Minimap ping | 7 |
| Remove unit | 1 |
| Esc | 1 |
125 units @ 15.5k
/ 1.7k
78 buildings @ 11.4k
/ 4.5k


| Orb of Corruption | 1 | 375 |
| Scroll of Town Portal | 3 | 1050 |
| Scroll of Protection | 1 | 150 |
| total: | 5 | 1575g |
| Acolyte | 8 | 600 | / | 0 |
| Ghoul | 8 | 960 | / | 0 |
| Frost Wyrm | 7 | 2695 | / | 840 |
| total: | 23 | 4255g | / | 840w |
| Crypt | 1 | 200 | / | 50 |
| Ziggurat | 8 | 1200 | / | 400 |
| Altar of Darkness | 1 | 180 | / | 50 |
| Necropolis | 2 | 450 | / | 0 |
| Graveyard | 2 | 430 | / | 0 |
| Tomb of Relics | 1 | 130 | / | 30 |
| Sacrificial Pit | 1 | 75 | / | 150 |
| Boneyard | 3 | 525 | / | 600 |
| Halls of the Dead | 1 | 320 | / | 210 |
| Black Citadel | 1 | 325 | / | 230 |
| Great Hall | 1 | 385 | / | 185 |
| total: | 20 | 3575g | / | 1465w |
| 0:03 | Acolyte |
| 0:04 | Crypt |
| 0:06 | Ziggurat |
| 0:10 | Acolyte |
| 0:46 | Ziggurat |
| 0:48 | Altar of Darkness |
| 1:08 | Ghoul |
| 1:23 | Ghoul |
| 1:25 | Acolyte |
| 1:41 | Ghoul |
| 2:01 | Ghoul |
| 2:10 | Acolyte |
| 2:16 | Necropolis |
| 2:27 | Ghoul |
| 2:43 | Acolyte |
| 2:51 | Death Coil |
| 3:06 | Halls of the Dead |
| 3:45 | Ghoul |
| 3:56 | Unholy Aura |
| 4:13 | Acolyte |
| 4:13 | Acolyte |
| 4:16 | Graveyard |
| 4:26 | Graveyard |
| 5:36 | Black Citadel |
| 5:48 | Sacrificial Pit |
| 5:55 | Tomb of Relics |
| 5:57 | Ghoul |
| 5:57 | Ghoul |
| 6:41 | Death Coil |
| 6:51 | Ziggurat |
| 6:52 | Ziggurat |
| 6:56 | Ziggurat |
| 6:57 | Ziggurat |
| 7:57 | Boneyard |
| 7:58 | Boneyard |
| 7:59 | Boneyard |
| 8:01 | Orb of Corruption |
| 8:33 | Frost Nova |
| 9:12 | Frost Wyrm |
| 9:18 | Creature Attack |
| 9:19 | Frost Wyrm |
| 9:25 | Frost Wyrm |
| 9:57 | Frost Wyrm |
| 10:10 | Frost Wyrm |
| 10:29 | Great Hall |
| 10:35 | Frost Wyrm |
| 10:39 | Improved Creature Attack |
| 10:42 | Ziggurat |
| 10:43 | Ziggurat |
| 11:33 | Unholy Aura |
| 11:38 | Frost Wyrm |
| 11:40 | Creature Carapace |
| 11:58 | Dark Ritual |
| 12:18 | Advanced Creature Attack |
| 12:41 | Frost Nova |
| 12:48 | Scroll of Town Portal |
| 13:03 | Improved Creature Carapace |
| 13:06 | Death Coil |
| 13:30 | Freezing Breath |
| 14:31 | Scroll of Town Portal |
| 14:32 | Scroll of Protection |
| 15:44 | Scroll of Town Portal |
| 15:48 | Dark Ritual |
| 15:53 | Acolyte |
| 16:43 | Advanced Creature Carapace |
| 17:12 | Frost Nova |
| 17:20 | Unholy Aura |
| 17:30 | Necropolis |
| 18:07 | Death and Decay |
| 18:26 | Animate Dead |
| Right click | 988 |
| Chat | 328 |
| Select group | 309 |
| Select | 142 |
| Misc. action | 55 |
| Build/train/purchase | 53 |
| Use ability | 48 |
| Assign group | 45 |
| Item give/drop | 1 |
| Remove unit | 1 |

| Lesser Clarity Potion | 1 | 70 |
| Potion of Healing | 1 | 150 |
| Potion of Mana | 1 | 200 |
| total: | 3 | 420g |
| Wisp | 19 | 1140 | / | 0 |
| Archer | 24 | 3120 | / | 240 |
| total: | 43 | 4260g | / | 240w |
| Ancient Protector | 5 | 675 | / | 400 |
| Altar of Elders | 1 | 180 | / | 50 |
| Moon Well | 7 | 1260 | / | 280 |
| Ancient of War | 4 | 600 | / | 240 |
| Hunter's Hall | 1 | 210 | / | 100 |
| Ancient of Wonders | 1 | 90 | / | 30 |
| Tree of Life | 1 | 340 | / | 185 |
| Tree of Ages | 1 | 320 | / | 180 |
| total: | 20 | 3355g | / | 1285w |
| 0:04 | Wisp |
| 0:04 | Wisp |
| 0:24 | Altar of Elders |
| 0:28 | Moon Well |
| 0:30 | Wisp |
| 0:39 | Ancient of War |
| 0:48 | Wisp |
| 0:52 | Wisp |
| 1:02 | Wisp |
| 1:37 | Moon Well |
| 1:42 | Archer |
| 1:46 | Archer |
| 1:52 | Wisp |
| 2:21 | Archer |
| 2:21 | Archer |
| 2:31 | Moon Well |
| 2:35 | Archer |
| 2:37 | Evasion |
| 3:17 | Archer |
| 3:17 | Archer |
| 3:17 | Archer |
| 3:36 | Ancient of War |
| 3:58 | Hunter's Hall |
| 4:21 | Tree of Ages |
| 5:22 | Archer |
| 5:24 | Archer |
| 5:24 | Archer |
| 5:26 | Strength of the Moon |
| 5:56 | Archer |
| 6:05 | Mana Burn |
| 6:41 | Archer |
| 7:19 | Archer |
| 7:21 | Improved Strength of the Moon |
| 7:22 | Moon Armor |
| 8:15 | Evasion |
| 8:28 | Ancient Protector |
| 8:32 | Ancient Protector |
| 9:05 | Lesser Clarity Potion |
| 9:06 | Potion of Healing |
| 9:08 | Potion of Mana |
| 11:15 | Ancient Protector |
| 11:18 | Ancient Protector |
| 11:19 | Ancient Protector |
| 11:25 | Wisp |
| 11:25 | Wisp |
| 11:25 | Wisp |
| 11:26 | Wisp |
| 11:26 | Wisp |
| 11:26 | Wisp |
| 11:26 | Wisp |
| 11:54 | Moon Well |
| 12:05 | Moon Well |
| 12:59 | Wisp |
| 12:59 | Wisp |
| 13:00 | Wisp |
| 13:00 | Wisp |
| 13:00 | Wisp |
| 13:06 | Mana Burn |
| 13:43 | Ancient of War |
| 13:46 | Ancient of War |
| 14:51 | Archer |
| 14:51 | Archer |
| 14:52 | Archer |
| 14:52 | Archer |
| 15:24 | Archer |
| 15:28 | Moon Well |
| 15:47 | Archer |
| 16:04 | Moon Well |
| 16:07 | Improved Moon Armor |
| 16:07 | Advanced Moon Armor |
| 16:24 | Archer |
| 16:37 | Ancient of Wonders |
| 16:58 | Improved Bows |
| 17:00 | Archer |
| 17:35 | Archer |
| 17:53 | Archer |
| 18:39 | Tree of Life |
| Right click | 595 |
| Chat | 404 |
| Select | 224 |
| Select group | 69 |
| Build/train/purchase | 64 |
| Use ability | 11 |
| Assign group | 9 |
| Minimap ping | 3 |
| Esc | 1 |
⇛
MUGARO
(2)
(19:11) : 


| Lesser Clarity Potion | 1 | 70 |
| Potion of Mana | 1 | 200 |
| Scroll of Regeneration | 2 | 200 |
| Staff of Sanctuary | 2 | 500 |
| Orb of Fire | 1 | 325 |
| Scroll of Town Portal | 2 | 700 |
| Healing Salve | 1 | 100 |
| total: | 10 | 2095g |
| Peasant | 18 | 1350 | / | 0 |
| Footman | 16 | 2160 | / | 0 |
| Knight | 3 | 735 | / | 180 |
| Siege Engine | 6 | 1170 | / | 360 |
| total: | 43 | 5415g | / | 540w |
| Scout Tower | 8 | 240 | / | 160 |
| Guard Tower | 7 | 490 | / | 350 |
| Altar of Kings | 1 | 180 | / | 50 |
| Barracks | 1 | 160 | / | 60 |
| Farm | 10 | 800 | / | 200 |
| Lumber Mill | 1 | 120 | / | 0 |
| Arcane Vault | 1 | 130 | / | 30 |
| Town Hall | 2 | 770 | / | 410 |
| Blacksmith | 1 | 140 | / | 60 |
| Workshop | 2 | 280 | / | 280 |
| Keep | 1 | 320 | / | 210 |
| Castle | 1 | 360 | / | 210 |
| total: | 27 | 2820g | / | 1250w |
| 0:03 | Peasant |
| 0:03 | Peasant |
| 0:11 | Altar of Kings |
| 0:19 | Barracks |
| 0:25 | Peasant |
| 0:25 | Peasant |
| 0:33 | Farm |
| 0:44 | Farm |
| 0:53 | Peasant |
| 1:05 | Peasant |
| 1:25 | Footman |
| 1:29 | Farm |
| 1:37 | Footman |
| 1:48 | Farm |
| 1:58 | Footman |
| 2:09 | Summon Water Elemental |
| 2:14 | Peasant |
| 2:14 | Peasant |
| 2:25 | Footman |
| 2:43 | Peasant |
| 2:43 | Peasant |
| 2:56 | Peasant |
| 3:07 | Lumber Mill |
| 3:22 | Footman |
| 3:26 | Arcane Vault |
| 3:37 | Brilliance Aura |
| 3:58 | Town Hall |
| 4:01 | Scout Tower |
| 4:06 | Scout Tower |
| 4:08 | Scout Tower |
| 4:09 | Scout Tower |
| 4:23 | Footman |
| 4:36 | Guard Tower |
| 4:49 | Guard Tower |
| 5:12 | Guard Tower |
| 5:19 | Summon Water Elemental |
| 5:24 | Peasant |
| 5:24 | Peasant |
| 5:36 | Footman |
| 6:12 | Scroll of Town Portal |
| 6:12 | Healing Salve |
| 6:15 | Lesser Clarity Potion |
| 6:20 | Keep |
| 6:21 | Footman |
| 6:27 | Potion of Mana |
| 6:38 | Improved Masonry |
| 6:42 | Footman |
| 7:03 | Scout Tower |
| 7:04 | Scout Tower |
| 7:32 | Guard Tower |
| 7:34 | Scout Tower |
| 7:37 | Scout Tower |
| 7:38 | Guard Tower |
| 7:59 | Blacksmith |
| 8:01 | Scroll of Regeneration |
| 8:02 | Scroll of Regeneration |
| 8:19 | Guard Tower |
| 8:23 | Guard Tower |
| 8:24 | Footman |
| 8:44 | Improved Lumber Harvesting |
| 8:46 | Advanced Masonry |
| 9:08 | Farm |
| 9:10 | Farm |
| 9:14 | Footman |
| 9:40 | Storm Bolt |
| 9:41 | Footman |
| 9:42 | Castle |
| 10:38 | Footman |
| 10:47 | Brilliance Aura |
| 11:21 | Footman |
| 11:34 | Workshop |
| 11:34 | Workshop |
| 11:47 | Footman |
| 12:27 | Footman |
| 12:28 | Knight |
| 12:29 | Sundering Blades |
| 12:29 | Animal War Training |
| 12:41 | Barrage |
| 12:44 | Staff of Sanctuary |
| 12:45 | Thunder Clap |
| 12:51 | Siege Engine |
| 12:54 | Advanced Lumber Harvesting |
| 13:05 | Orb of Fire |
| 13:16 | Farm |
| 13:18 | Farm |
| 13:20 | Peasant |
| 13:20 | Peasant |
| 13:20 | Peasant |
| 13:20 | Peasant |
| 13:21 | Peasant |
| 13:25 | Siege Engine |
| 13:37 | Iron Forged Swords |
| 13:38 | Black Gunpowder |
| 13:51 | Siege Engine |
| 14:10 | Imbued Masonry |
| 14:13 | Farm |
| 14:14 | Farm |
| 14:23 | Siege Engine |
| 14:38 | Storm Bolt |
| 14:47 | Town Hall |
| 15:03 | Scroll of Town Portal |
| 15:03 | Staff of Sanctuary |
| 15:16 | Iron Plating |
| 16:16 | Holy Light |
| 16:22 | Siege Engine |
| 16:23 | Knight |
| 16:40 | Steel Plating |
| 17:53 | Knight |
| 17:54 | Siege Engine |
| 17:58 | Refined Gunpowder |
| 18:34 | Devotion Aura |
| 19:10 | Summon Water Elemental |
| Right click | 710 |
| Chat | 523 |
| Select | 468 |
| Select group | 216 |
| Build/train/purchase | 117 |
| Misc. action | 50 |
| Assign group | 40 |
| Use ability | 23 |
| Resource trade | 7 |
| Item give/drop | 4 |
| Remove unit | 2 |

| Healing Salve | 1 | 100 |
| Potion of Healing | 1 | 150 |
| total: | 2 | 250g |
| Peon | 10 | 750 | / | 0 |
| Troll Headhunter | 6 | 840 | / | 120 |
| total: | 16 | 1590g | / | 120w |
| Watch Tower | 2 | 220 | / | 160 |
| Altar of Storms | 1 | 180 | / | 50 |
| Orc Burrow | 3 | 480 | / | 120 |
| Barracks | 1 | 180 | / | 50 |
| War Mill | 1 | 205 | / | 0 |
| Voodoo Lounge | 3 | 390 | / | 90 |
| Stronghold | 1 | 315 | / | 190 |
| total: | 11 | 1655g | / | 470w |
| 0:05 | Peon |
| 0:05 | Peon |
| 0:05 | Peon |
| 0:10 | Altar of Storms |
| 0:22 | Orc Burrow |
| 0:29 | Peon |
| 0:45 | Peon |
| 1:07 | Barracks |
| 1:10 | Peon |
| 1:11 | Peon |
| 1:25 | War Mill |
| 1:29 | Peon |
| 1:45 | Peon |
| 1:53 | Peon |
| 2:07 | Orc Burrow |
| 2:36 | Wind Walk |
| 3:00 | Troll Headhunter |
| 3:32 | Troll Headhunter |
| 3:33 | Troll Headhunter |
| 3:37 | Stronghold |
| 3:46 | Voodoo Lounge |
| 3:58 | Troll Headhunter |
| 4:05 | Orc Burrow |
| 4:10 | Voodoo Lounge |
| 4:17 | Voodoo Lounge |
| 4:46 | Troll Headhunter |
| 4:47 | Troll Headhunter |
| 4:53 | Watch Tower |
| 4:58 | Watch Tower |
| 6:07 | Healing Salve |
| 6:09 | Potion of Healing |
| 6:36 | Critical Strike |
| Right click | 179 |
| Select | 80 |
| Select group | 56 |
| Build/train/purchase | 32 |
| Chat | 10 |
| Assign group | 8 |
| Remove unit | 2 |
| Use ability | 1 |